 Dungeon Crawl Stone Soup version 0.27-a0-1136-g0b992a5a9d (webtiles) character file.

Game seed: 6964686678790595951

1 HoaS the Bolt Thrower (level 1, -1/18 HPs)
             Began as a Minotaur Hunter on May 5, 2021.
             Succumbed to a kobold's poison
             ... on level 1 of the Dungeon.
             The game lasted 00:02:18 (52 turns).

HoaS the Bolt Thrower (Minotaur Hunter)               Turns: 52, Time: 00:02:19

Health: -1/18      AC:  3    Str: 16    XL:     1   Next: 16%
Magic:  0/0        EV: 11    Int:  8    God:
Gold:   8          SH:  0    Dex: 10    Spells: 0/0 levels left

rFire    . . .     SeeInvis .   w - +0 short sword
rCold    . . .     Faith    .   (no shield)
rNeg     . . .     Spirit   .   c - +0 leather armour
rPois    .         Reflect  .   (helmet restricted)
rElec    .         Harm     .   (no cloak)
rCorr    .         Rampage  .   (no gloves)
Will     .....                  (no boots)
Stlth    +.........             (no amulet)
HPRegen  0.06/turn              (no ring)
MPRegen  0.07/turn              (no ring)

@: lethally poisoned (-1 -> -8), flying
A: horns 2, retaliatory headbutt
a: no special abilities


You were on level 1 of the Dungeon.
You visited 1 branch of the dungeon, and saw 1 of its levels.

You collected 8 gold pieces.

Inventory:

Hand Weapons
 q - a +1 hand crossbow
 w - a +0 short sword (weapon)
Missiles
 d - 20 bolts
Armour
 c - a +0 leather armour (worn)


   Skills:
 - Level 2.4 Fighting
 * Level 4.4 Crossbows
 - Level 2.1 Dodging
 - Level 0.7 Stealth


You couldn't memorise any spells.
You didn't know any spells.
Your spell library was empty.

Dungeon Overview and Level Annotations

Branches:
Dungeon (1/15)

Altars:


Innate Abilities, Weirdness & Mutations

You have a pair of horns on your head.
You reflexively headbutt those who attack you in melee.


Message History

Adjust (i)tems, (s)pells, or (a)bilities?
b - a +0 short sword Adjust to which letter? (? for menu, Esc to quit)
w - a +0 short sword
w - a +0 short sword (weapon)
q - a +1 hand crossbow (weapon)
w - a +0 short sword (weapon)
You now have 8 gold pieces.
A ball python comes into view.
The ball python hisses angrily.
You hit the ball python.
You kill the ball python!
a - a pink potion
Found a stone staircase leading down.
Found a leather armour.
A kobold comes into view. It is wielding a +2 dagger of venom.
The kobold shouts!
You closely miss the kobold. Your headbutt misses the kobold.
The kobold hits you with a +2 dagger of venom.
You are poisoned.
The kobold hits you with a +2 dagger of venom.
You are lethally poisoned!
You barely miss the kobold. Your headbutt misses the kobold.
You feel very sick. The kobold barely misses you.
You are too injured to fight recklessly!
You hit the kobold.
You kill the kobold!
* * * LOW HITPOINT WARNING * * *
You feel very sick.
* * * LOW HITPOINT WARNING * * *
You feel very sick.
You see here a +2 dagger of venom.
There is a lethal amount of poison in your body!
It was a potion of flight.
You feel very buoyant.
You fly up into the air.
* * * LOW HITPOINT WARNING * * *
You feel sick.
You die...

##### #... #.. #.#
#)# #@# #.# ##.##
##...##
##.....######
##...........#
.....[....###.##
###.......##..>##
#......##.#.#.####


There were no monsters in sight!

Vanquished Creatures
  A ball python (D:1)
  A kobold (D:1)
2 creatures vanquished.

Notes
Turn   | Place    | Note
-------+----------+-------------------------------------------
     0 | D:1      | HoaS the Minotaur Hunter began the quest for the Orb.
     0 | D:1      | Reached XP level 1. HP: 18/18 MP: 0/0
    52 | D:1      | Succumbed to a kobold's poison

Illustrated notes

Levels and vault maps discovered:
D:1:      minmay_arrival_four_circles, layout_loops_ring

Action                   || total
-------------------------++-------
Melee: Short sword       ||     4
  Use: Potion            ||     1
Dodge: Dodged            ||     1

Table legend: (Time is in decaauts)
 A = Elapsed time spent in this place.
 B = Non-inter-level travel time spent in this place.
 C = Inter-level travel time spent in this place.
 D = Time resting spent in this place.
 E = Time spent auto-exploring this place.
 F = Levels seen in this place.
 G = Mean time per level.
                   A        B        C        D        E       F      G
               +--------+--------+--------+--------+--------+-----+--------+
         Total |     50 |     50 |      0 |      0 |     29 |   1 |   50.0 |
       Dungeon |     50 |     50 |      0 |      0 |     29 |   1 |   50.0 |
               +--------+--------+--------+--------+--------+-----+--------+

Top non-repeatable levels by time:
     D:1: 50 daAuts
